 Dungeon Crawl Stone Soup version 0.25-a0-166-g16436c4407 (webtiles) character file.

Game seed: 17640911942485818532, levelgen mode: deterministic

55 Leeroy the Conjurer (level 3, -12/26 HPs)
             Began as a Draconian Conjurer on Nov 23, 2019.
             Killed from afar by a jackal (22 damage)
             ... with an exploding inner flame
             ... hexed by the player character
             ... on level 2 of the Dungeon.
             The game lasted 00:03:27 (1739 turns).

Leeroy the Conjurer (Draconian Conjurer)            Turns: 1739, Time: 00:03:28

Health: -12/26     AC:  5    Str: 11    XL:     3   Next: 67%
Magic:  7/7        EV: 12    Int: 15    God:
Gold:   100        SH:  0    Dex: 11    Spells: 5/8 levels left

rFire    . . .     SeeInvis .   g - +0 short sword
rCold    . . .     Gourm    .   (no shield)
rNeg     . . .     Faith    .   (armour unavailable)
rPois    .         Spirit   .   (helmet restricted)
rElec    .         Reflect  .   c - scarf {repulsion}
rCorr    .         Harm     .   (no gloves)
MR       .....                  (no boots)
Stlth    ++........             (no amulet)
HPRegen  0.08/turn              (no ring)
MPRegen  0.10/turn              (no ring)

@: repel missiles
A: unfitting armour, cold-blooded, AC +5
a: no special abilities


You were on level 2 of the Dungeon.
You were not hungry.

You visited 1 branch of the dungeon, and saw 2 of its levels.

You collected 100 gold pieces.

Inventory:

Hand Weapons
 g - a +0 short sword (weapon)
Missiles
 i - 36 stones (quivered)
Armour
 c - a scarf of repulsion (worn)
 j - a +0 cloak
Jewellery
 d - a +6 ring of slaying {unknown}
Scrolls
 a - a scroll of identify {unknown}
 e - a scroll of immolation
 f - 2 scrolls of teleportation {unknown}
Potions
 k - a potion of curing {unknown}
Comestibles
 b - 3 rations


   Skills:
 - Level 1.1 Short Blades
 - Level 1.7 Dodging
 - Level 1.7 Stealth
 - Level 3.0 Spellcasting
 + Level 4.5 Conjurations


You had 5 spell levels left.
You knew the following spells:

 Your Spells              Type           Power        Failure   Level  Hunger
a - Magic Dart            Conj           ###.         3%          1    #......
b - Searing Ray           Conj           ###...       4%          2    ##.....

Your spell library contained the following spells:

 Spells                   Type           Power        Failure   Level  Hunger
 Dazzling Spray           Conj/Hex       #.....       24%         3    ###....
 Iskenderun's Mystic Bla  Conj           ###.....     30%         4    #####..
 Force Lance              Conj/Tloc      #.......     61%         4    #####..
 Fulminant Prism          Conj/Hex       #.........   61%         4    #####..


Dungeon Overview and Level Annotations

Branches:
Dungeon (2/15)

Altars:

Annotations:
D:2 Natasha


Innate Abilities, Weirdness & Mutations

Your plain brown scales are hard. (AC +5)
You cannot fit into any form of body armour.
You are cold-blooded and may be slowed by cold attacks.


Message History

Unknown command.
Natasha casts a spell.
The jackal bites you.
Number of times to repeat, then command key: You must enter the number of times for the command to repeat.
The jackal barely misses you.
There is an open door here.
Casting: Searing Ray (safe; 4% risk of failure)
Confirm with . or Enter, or press ? or * to list all spells.
Okay, then.
Okay, then.
As you read the scroll labeled IVYEHIGIHA, it crumbles to dust.
The creatures around you are filled with an inner flame!
It was a scroll of immolation.
The jackal completely misses you. The jackal barely misses you.
You hit the jackal.
The jackal explodes!
The fiery explosion engulfs you!!
Ouch! That really hurt!
You die...

..).(..#...........#
.......#...........#
##############....)#
#.##### #
#..######.#
##........#
#........#
#........#
#.@ยง.....#
##'#####+# ### #hr#
.....#####.##
.......r..r.#
........r...#
.....5......#
...w.######.# .....
...


You could see Natasha (inner flame) and 2 rats.

Vanquished Creatures
  3 worms (D:2)
  3 dart slugs
  6 bats
  2 giant cockroaches (D:1)
  2 goblins (D:1)
  2 hobgoblins
  10 jackals
  3 kobolds
  7 rats
38 creatures vanquished.

Notes
Turn   | Place    | Note
-------+----------+-------------------------------------------
     0 | D:1      | Leeroy the Draconian Conjurer began the quest for the Orb.
     0 | D:1      | Reached XP level 1. HP: 14/14 MP: 3/3
   339 | D:1      | Reached XP level 2. HP: 9/20 MP: 2/5
   346 | D:1      | Learned a level 2 spell: Searing Ray
  1203 | D:2      | Reached skill level 1 in Short Blades
  1253 | D:1      | Reached XP level 3. HP: 21/26 MP: 5/7
  1724 | D:2      | Noticed Natasha
  1739 | D:2      | Killed from afar by a jackal

Levels and vault maps discovered:
D:1:      dpeg_arrival_stonehenge_8_columns, layout_basic
D:2:      layout_basic, uniq_natasha

Skill      XL: |  1  2 |
---------------+-------+-----
Spellcasting   | 3 |  3.0
Short Blades   | 1 |  1.1
Dodging        | |  1.7
Stealth        | |  1.7
Conjurations   | |  4.5

Action                   || total
-------------------------++-------
Melee: Unarmed           ||    31
       Tailslap          ||    17
       Short sword       ||   103
 Cast: Magic Dart        ||     6
       Searing Ray       ||     5
  Use: Scroll            ||     1
 Stab: Sleeping          ||     1
  Eat: Chunk             ||     3
Armor: Skin              ||    58
Dodge: Dodged            ||   105
       Deflected         ||     2

Table legend:
 A = Non-vault XP
 B = Vault XP
 C = Vault XP percentage of total XP
 D = Non-vault monster count
 E = Vault monster count
 F = Vault count percentage of total count
                 A         B        C        D         E       F
            +---------+---------+-------+---------+---------+-------
      Total |      79 |       0 |   0.0 |      38 |       0 |   0.0
            +---------+---------+-------+---------+---------+-------
        D:1 |      37 |       0 |   0.0 |      22 |       0 |   0.0
        D:2 |      42 |       0 |   0.0 |      16 |       0 |   0.0
            +---------+---------+-------+---------+---------+-------
